Map: Dusk Towers

Players

Miszu - Winner!

  • Race: Terran Terran
  • League: Master

Sweps

  • Race: Protoss Protoss
  • League: Master

VOD

Have the link to the VOD?

Description

Time

  • Played on: March 8, 2016, 6:55 a.m.
  • Length: 13:22
Show
View Real Time Build Order
Export as new Build Order

Miszu Terran - Winner!

Build Orders: Command Center First (CC), MMM Bio 

Get SALT Encoding   

  12  0:01  SCV  
  13  0:14  SCV  
  14  0:17  Supply Depot  
  14  0:26  SCV  
  15  0:39  SCV  
  16  0:51  SCV  
  17  1:01  Command Center  
  17  1:03  SCV  
  18  1:15  SCV  
  18  1:17  Barracks  
  19  1:27  SCV  
  19  1:30  Barracks  
  21  1:40  SCV  
  21  1:43  Barracks  
  21  1:52  SCV  
  22  2:05  Orbital Command  
  22  2:06  Marine  
  23  2:12  Orbital Command  
  23  2:17  Marine  
  24  2:23  Marine  
  25  2:30  SCV  
  25  2:33  Refinery x2, Marine  
  25  2:35  Marine  
  28  2:38  SCV  
  28  2:42  SCV  
  30  2:45  Supply Depot  
  30  2:50  SCV  
  31  2:54  SCV  
  31  2:55  Marine x2  
  31  2:58  Marine  
  34  3:02  SCV  
  36  3:07  SCV  
  36  3:11  Supply Depot  
  37  3:14  SCV  
  37  3:17  Marine  
  37  3:19  SCV  
  39  3:26  Marine  
  40  3:28  SCV  
  40  3:30  Barracks Tech Lab  
  40  3:31  SCV  
  41  3:35  Marine  
  41  3:40  SCV  
  43  3:43  SCV  
  43  3:44  Marine  
  43  3:45  Supply Depot  
  45  3:48  Marine  
  45  3:49  Stimpack  
  45  3:52  SCV  
  45  3:53  Marine  
  45  3:54  Factory  
  45  3:55  Engineering Bay, SCV  
  49  3:56  Refinery  
  49  4:02  Marine  
  50  4:04  SCV  
  50  4:06  Marine  
  50  4:07  SCV  
  50  4:08  Supply Depot  
  53  4:11  Marine  
  53  4:16  SCV  
  55  4:19  SCV  
  55  4:20  Marine  
  55  4:22  Terran Infantry Weapons Level 1  
  55  4:24  Marine  
  57  4:28  SCV  
  57  4:30  Supply Depot  
  59  4:31  SCV  
  59  4:38  Supply Depot, Starport  
  60  4:39  Factory Reactor  
  60  4:40  Barracks Reactor, Barracks Tech Lab, SCV  
  60  4:42  Marauder  
  60  4:43  SCV  
  61  4:52  SCV  
  61  4:57  SCV  
  62  5:02  Missile Turret  
  62  5:04  SCV  
  63  5:08  Marauder  
  63  5:09  SCV  
  66  5:15  Missile Turret  
  66  5:16  Supply Depot, Marauder  
  66  5:17  SCV  
  66  5:18  Marine x2, Combat Shields  
  66  5:21  SCV  
  72  5:23  Medivac x2  
  74  5:29  SCV  
  74  5:33  SCV  
  74  5:34  Marauder  
  78  5:35  Marine  
  78  5:36  Marine  
  78  5:39  Supply Depot  
  78  5:41  SCV  
  81  5:43  Marauder  
  81  5:45  SCV  
  84  5:53  SCV  
  84  5:54  Marine  
  84  5:56  Medivac x2  
  90  6:03  Refinery  
  90  6:05  Command Center  
  90  6:06  Marine, SCV  
  90  6:08  SCV  
  90  6:11  Supply Depot  
  93  6:15  Supply Depot  
  93  6:16  Liberator  
  93  6:18  SCV  
  93  6:20  Terran Infantry Armor Level 1, SCV  
  95  6:30  SCV  
  93  6:33  Marauder x2, SCV  
  101  6:42  SCV  
  101  6:45  SCV  
  103  6:52  Marine x2  
  103  6:54  Marauder  
  103  6:55  Marauder, SCV  
  103  6:57  SCV  
  103  6:58  Fusion Core, Barracks  
  103  6:59  Barracks  
  109  7:04  Starport  
  109  7:07  SCV  
  110  7:09  Marine, SCV  
  112  7:18  Liberator, Missile Turret  
  112  7:19  SCV, Liberator  
  112  7:21  SCV  
  111  7:26  Orbital Command  
  111  7:28  Refinery  
  111  7:29  Refinery, Marine  
  112  7:30  Marine, Marauder  
  120  7:37  SCV  
  120  7:38  SCV  
  122  7:49  SCV  
  122  7:50  Barracks Reactor, Barracks Tech Lab, Starport Tech Lab, SCV  
  124  7:55  Marine  
  124  7:56  Supply Depot  
  124  7:57  Supply Depot  
  125  8:01  Marine  
  125  8:02  Supply Depot  
  126  8:08  Liberator x3  
  125  8:21  Supply Depot  
  125  8:26  Advanced Ballistics  
  134  8:31  Command Center  
  134  8:33  Supply Depot  
  134  8:35  Supply Depot  
  134  8:38  Marine, Marauder x2  
  139  8:49  Marine x2, Marauder  
  139  8:51  Liberator  
  139  8:52  Marine  
  144  8:55  Marine  
  144  8:57  Supply Depot  
  144  8:58  Liberator x2  
  144  8:59  Marauder x2  
  149  9:07  Engineering Bay, Marine  
  153  9:11  Marauder  
  153  9:13  Barracks  
  153  9:14  Barracks x2  
  161  9:21  Supply Depot  
  161  9:22  Supply Depot  
  159  9:30  Marauder x2  
  163  9:33  Liberator  
  163  9:41  Liberator  
  163  9:46  Marine x2, Marauder  
  163  9:51  Marauder x2  
  163  9:52  Liberator  
  174  9:53  Armory  
  176  10:10  Marauder  
  181  10:16  Liberator  
  181  10:20  Marauder  
  170  10:21  SCV  
  170  10:22  SCV x3  
  170  10:24  Liberator  
  170  10:27  Marauder  
  167  10:32  Marine x2, Marauder  
  167  10:34  SCV x4  
  167  10:35  Liberator  
  180  10:46  SCV x3  
  184  10:51  Marine x2, Marauder  
  184  10:56  Planetary Fortress  
  190  10:58  SCV x2  
  189  11:12  Marine, Marauder x2  
  191  11:27  Marauder  
  192  11:33  Marauder  
  187  11:43  Medivac x2  
  187  11:45  Medivac  
  174  12:00  Marine, Marauder  
  174  12:01  Marine, Marauder x2  
  182  12:02  Liberator x2  
  151  12:22  Marauder  
  159  12:26  Marine, Medivac, Marauder  
  159  12:27  Marine x6, Marauder  
  172  12:43  Marine  
  170  12:44  Marine x3  
  170  12:45  Marine x4  
  170  12:47  Marine  
  170  12:48  Marauder  
  170  13:01  Marauder  
  170  13:02  Marine x3  
Show
View Real Time Build Order
Export as new Build Order

Sweps Protoss 

Build Orders: Oracle Opening 

Get SALT Encoding   

  12  0:00  Probe (Chrono Boost)  
  13  0:11  Probe (Chrono Boost)  
  14  0:18  Pylon  
  14  0:22  Probe (Chrono Boost)  
  15  0:36  Probe (Chrono Boost)  
  15  0:38  Gateway  
  16  0:47  Probe (Chrono Boost)  
  16  0:48  Assimilator  
  17  0:57  Probe (Chrono Boost)  
  17  0:59  Assimilator  
  17  1:04  Pylon  
  18  1:08  Probe (Chrono Boost)  
  19  1:19  Probe (Chrono Boost)  
  19  1:25  Cybernetics Core  
  20  1:29  Probe (Chrono Boost)  
  22  1:40  Probe (Chrono Boost)  
  22  1:49  Nexus  
  22  1:51  Probe (Chrono Boost)  
  23  2:02  Mothership Core (Chrono Boost)  
  23  2:05  Stalker (Chrono Boost)  
  27  2:16  Pylon  
  27  2:22  Probe  
  27  2:28  Warp Gate  
  28  2:32  Stalker (Chrono Boost)  
  28  2:35  Probe  
  31  2:47  Probe  
  31  2:51  Stargate  
  32  2:59  Probe  
  32  3:00  Stalker (Chrono Boost)  
  32  3:01  Probe  
  36  3:08  Pylon  
  36  3:11  Probe  
  37  3:26  Probe  
  35  3:27  Probe  
  37  3:37  Probe  
  37  3:39  Probe  
  37  3:40  Oracle (Chrono Boost)  
  42  3:47  Probe  
  42  3:51  Nexus, Probe  
  44  4:00  Probe  
  44  4:01  Twilight Council  
  45  4:02  Pylon  
  45  4:08  Probe  
  46  4:11  Assimilator  
  46  4:12  Assimilator  
  46  4:14  Pylon  
  47  4:20  Phoenix (Chrono Boost), Probe x2  
  50  4:29  Pylon  
  50  4:31  Probe  
  50  4:32  Probe  
  50  4:35  Pylon  
  52  4:41  Probe  
  52  4:42  Phoenix (Chrono Boost)  
  52  4:44  Probe  
  56  4:52  Probe  
  56  4:57  Probe  
  58  5:01  Probe  
  58  5:02  Gateway, Probe  
  58  5:03  Resonating Glaives (Chrono Boost)  
  58  5:04  Gateway  
  60  5:09  Probe  
  60  5:11  Probe  
  60  5:13  Probe  
  62  5:14  Pylon  
  62  5:20  Adept  
  62  5:21  Probe  
  66  5:22  Probe  
  66  5:27  Probe  
  67  5:33  Probe x2  
  70  5:36  Gateway x2  
  70  5:38  Probe  
  70  5:39  Templar Archives  
  71  5:42  Phoenix (Chrono Boost)  
  71  5:43  Probe  
  71  5:45  Probe  
  71  5:48  Probe  
  75  5:51  Adept  
  75  5:54  Probe  
  79  5:57  Probe  
  79  5:58  Pylon  
  79  6:00  Pylon, Probe  
  79  6:01  Phoenix  
  81  6:04  Adept, Probe  
  81  6:09  Probe  
  81  6:10  Pylon  
  87  6:12  Probe  
  87  6:15  High Templar x2  
  87  6:16  Probe  
  93  6:20  Assimilator  
  93  6:25  Assimilator  
  93  6:29  Psionic Storm, Adept  
  95  6:33  Probe  
  96  6:42  Adept  
  96  6:43  Adept  
  100  6:51  Adept x3  
  100  6:52  Probe  
  107  6:58  Probe x2  
  109  7:04  Probe  
  109  7:07  High Templar, Gateway  
  112  7:10  Pylon  
  112  7:12  Gateway  
  112  7:15  Pylon  
  112  7:17  Pylon  
  112  7:19  Pylon  
  110  7:24  Adept x4  
  118  7:30  Probe  
  118  7:33  Gateway  
  118  7:34  Robotics Facility  
  118  7:36  Gateway, Probe  
  120  7:37  Pylon  
  120  7:38  Forge  
  120  7:39  Robotics Facility  
  120  7:40  High Templar, Forge, Pylon, Probe  
  123  7:45  High Templar  
  123  7:46  Adept x3  
  131  7:56  Probe  
  132  8:07  Adept x3  
  132  8:08  Adept  
  132  8:10  Probe  
  132  8:11  Blink, Probe  
  142  8:13  Protoss Ground Weapons Level 1 (Chrono Boost), Protoss Ground Armor Level 1 (Chrono Boost)  
  142  8:15  Nexus, Photon Cannon  
  142  8:21  High Templar  
  142  8:24  Probe  
  145  8:28  Photon Cannon  
  145  8:29  Photon Cannon  
  145  8:33  Pylon  
  145  8:34  Pylon  
  145  8:39  Robotics Bay, Probe  
  145  8:40  Observer (Chrono Boost)  
  147  8:45  Probe x2  
  149  8:50  Photon Cannon  
  149  8:51  Probe  
  149  8:53  Photon Cannon  
  150  8:57  Probe x2  
  150  8:58  Warp Prism (Chrono Boost)  
  154  9:04  Stalker x2  
  154  9:05  Photon Cannon  
  154  9:08  Pylon  
  159  9:24  Probe  
  159  9:29  Colossus (Chrono Boost)  
  159  9:30  Colossus (Chrono Boost)  
  171  9:31  Extended Thermal Lance  
  171  9:50  Photon Cannon  
  171  9:53  Photon Cannon  
  171  9:55  Nexus  
  171  9:56  Photon Cannon  
  169  10:02  Stalker x4  
  169  10:03  Stalker x5  
  186  10:21  Colossus (Chrono Boost)  
  189  10:22  Colossus (Chrono Boost)  
  191  10:29  Archon  
  191  10:31  High Templar  
  187  10:52  Pylon x2  
  187  10:54  Pylon  
  187  10:56  Stalker x3  
  187  10:57  Stalker x3  
  197  11:04  Colossus (Chrono Boost)  
  195  11:23  Stalker x5  
  195  11:24  Stalker x2  
  195  11:26  Stalker x2  
  195  11:35  Disruptor  
  170  11:51  Stalker x7  
  138  12:14  Stalker x5  
  118  12:22  Stalker x4  
  108  12:23  Probe  
  113  12:39  Stalker x2  
  111  12:55  Stalker x2  
  111  12:56  Stalker  
  110  13:11  Stalker x4  
  110  13:12  Stalker x2  
Tags
 
Add a new tag
Caveats
  • Supply blocks, unpowered buildings, or Contaminate may cause inaccurate times.
  • Supply counts are checked every 10 seconds.